[Event "7th Cattolica Open-B 2020"]
[Site "Cattolica"]
[Date "2020.09.02"]
[Round "3.7"]
[White "Mammi, Ottavio"]
[Black "D`Agostino, Maurizio"]
[Result "0-1"]
[ECO "D35"]
[WhiteElo "1633"]
[BlackElo "1893"]
[Annotator "NA RC"]
[PlyCount "121"]
[EventDate "2020.08.31"]
[EventType "swiss"]
[EventCountry "ITA"]
[SourceTitle "playchess.com"]
[Source "ChessBase"]
[SourceQuality "1"]
[TimeControl "5400+30"]

1. c4 e6 2. Nc3 d5 3. cxd5 exd5 4. d4 c6 5. Bf4 Bd6 6. Bg3 Nf6 7. Nf3 Bxg3 {[%emt 0:01:26] D35: Queen's Gambit Declined: Exchange Variation.} 8. hxg3 O-O 9. e3 {[%emt 0:00:07] [#]} Qb6 $146 ({Predecessor:} 9... Bf5 10. Bd3 Bxd3 11. Qxd3 Nbd7 12. O-O-O b5 13. Ne5 Qc7 14. Nxd7 Qxd7 15. Rh3 Qg4 {0-1 (23) Pobor,D-Lamblin,J (1918) Batumi 2014}) 10. Rb1 Na6 ({Black should try} 10... Bf5 $11) 11. b4 Bf5 12. Bd3 Bg6 (12... Bxd3 $11 {keeps the balance.} 13. Qxd3 Nxb4) 13. Na4 Qc7 14. a3 Ne4 (14... Bxd3 $11 15. Qxd3 Rac8) 15. Rc1 Nb8 $1 16. O-O a6 17. Nc5 Nd7 18. a4 Ndxc5 19. bxc5 Bh5 20. Qb3 $2 (20. Qc2 $16 {and life is bright.}) 20... Rfe8 $2 (20... Bxf3 $1 $17 {keeps the pressure on.} 21. gxf3 Nd2 {[%mdl 64] Double Attack}) 21. Rc2 Rab8 22. Rb1 Kh8 23. Ne5 f6 24. Bxe4 fxe5 25. Bf3 $2 (25. Bd3 $14 {keeps the upper hand.}) 25... Bg6 {[%emt 0:00:38] Skewer} 26. Rcb2 (26. dxe5 {was worth a try.} Qxe5 27. Bd1) 26... Bxb1 27. Rxb1 exd4 28. exd4 Qa5 29. Kf1 Re7 30. Qb4 Qc7 31. a5 Rbe8 32. Qc3 g6 33. Qd2 Kg7 34. Qc3 Qd7 35. Qd2 Qf5 36. Rc1 Rf8 37. Rc2 g5 38. Qd1 Rfe8 39. Be2 {[%emt 0:00:00] [#]} h5 $1 40. Rd2 g4 41. Qb3 Qg5 42. Qd3 {[%emt 0:00:00] [#]} Rxe2 $1 43. Qxe2 Rxe2 44. Kxe2 Qe7+ 45. Kf1 Qe4 46. Rd1 Kf6 47. Kg1 Qc2 48. Ra1 {[%emt 0:00:00] [#]} Qc3 $1 49. Ra4 Kf5 50. Kf1 Qc1+ (50... Qd3+ $142 51. Ke1 Qc3+ 52. Kd1 Ke4 53. Ra2 Kd3 54. f3 Qb3+ 55. Ke1 Qxa2 {[%mdl 64] Double Attack} 56. Kf1 h4 57. fxg4 hxg3 58. g5 Qf2#) 51. Ke2 Qc2+ {[%emt 0:00:05] Double Attack} 52. Ke3 Qxa4 53. f4 Qxa5 54. Kf2 Qd2+ 55. Kg1 Qxd4+ 56. Kh2 a5 (56... Qe3 $142 57. Kh1 h4 58. gxh4 g3 59. h5 Qe1#) 57. Kh1 a4 (57... h4 $142 58. Kh2 hxg3+ 59. Kxg3 Qxf4+ 60. Kh4 Qh2#) 58. Kh2 {[%emt 0:00:00] [#]} a3 (58... Qf2 $142 $1 59. Kh1 h4 60. gxh4 g3 61. h5 Qf1#) 59. Kh1 a2 60. Kh2 {[%emt 0:00:00] [#]} Qf2 $1 61. Kh1 0-1

[Event "7th Cattolica Open-B 2020"]
[Site "Cattolica"]
[Date "2020.09.02"]
[Round "3.8"]
[White "Modena, Giorgio"]
[Black "Bosio, Andrea"]
[Result "1/2-1/2"]
[ECO "C97"]
[WhiteElo "1869"]
[BlackElo "1659"]
[Annotator "NA RC"]
[PlyCount "141"]
[EventDate "2020.08.31"]
[EventType "swiss"]
[EventCountry "ITA"]
[SourceTitle "playchess.com"]
[Source "ChessBase"]
[SourceQuality "1"]
[TimeControl "5400+30"]

1. e4 e5 2. Nf3 Nc6 3. Bb5 a6 4. Ba4 Nf6 5. O-O Be7 6. Re1 b5 7. Bb3 d6 8. c3 O-O 9. h3 Na5 10. Bc2 c5 11. d4 Qc7 12. d5 Nd7 {[%emt 0:02:06] C97: Closed Ruy Lopez: Chigorin Defence: 11 d4 Qc7, sidelines.} 13. Nbd2 Nb6 14. b3 Bd7 15. Nf1 Rfc8 {[%emt 0:03:17] [#]} 16. Ne3 $146 ({Predecessor:} 16. Be3 Nb7 17. Ng3 Bf8 18. Nh2 g6 19. Ng4 Bg7 20. Qf3 Bxg4 21. Qxg4 Nd7 22. h4 {1-0 (50) Beerheide,W-Bilo,H Detmold 1960}) 16... Nb7 {[%emt 0:08:20] [#]} (16... c4 $11) 17. Nh2 ({White should play} 17. c4 $1 $16) 17... c4 18. Bd2 a5 19. Qf3 Bf8 20. Rec1 Nc5 21. Nf5 (21. bxc4 $11 Nxc4 22. Nxc4 bxc4 23. Nf1) 21... cxb3 22. axb3 a4 23. bxa4 Nc4 24. Be1 bxa4 25. Qg3 $2 (25. Ra2 $17) 25... Kh8 $2 (25... Bxf5 $1 $19 {and Black stays clearly on top.} 26. exf5 Nb3 {[%mdl 64] Double Attack}) 26. Rcb1 (26. Ra2 $17) 26... a3 (26... Rcb8 $19 27. Qf3 Rxb1 28. Bxb1 Qb6) 27. Ne3 Nb2 (27... Ba4 $17 28. Bxa4 Rxa4 29. Nxc4 Nxe4) 28. Ra2 {[%emt 0:01:53] [#]} ({White should play} 28. Qf3 $1 $15) 28... Rcb8 (28... Ncd3 $1 $17 29. Bxd3 Nxd3) 29. Nhf1 (29. Qf3 $15) 29... Bb5 {[%emt 0:02:22] [#]} (29... Nbd3 $17 30. Bd2 Rxb1 31. Bxb1 Qb7 32. Bxd3 Nxd3) 30. Nd2 (30. c4 $1 $11 {[%mdl 512] keeps the balance.} Be8 (30... Nxc4 31. Rxb5) 31. Rba1) 30... Bd3 31. c4 {[%emt 0:02:06] [#]} (31. Rba1 $15) 31... Ra7 ({Black should try} 31... g6 $1 $19 32. Qf3 Bh6) 32. Bxd3 $4 (32. Rba1 $15) 32... Ncxd3 $2 (32... Nbxd3 $19 33. Rba1 Rb2) 33. Nc2 $1 Nxe1 34. Nxe1 Rba8 35. Rba1 Qc5 36. Qc3 (36. Qb3 $11) 36... Ra4 37. Rc1 Rc8 ({Black should play} 37... g6 $17 38. Nd3 Nxd3 39. Qxd3 Bh6) 38. Nd3 Nxd3 39. Qxd3 g6 40. Rc3 Bh6 41. Nb3 (41. Nb1 $11) 41... Qb4 42. Rcc2 $1 $11 (42. Qc2 $17 {keeps fighting.}) 42... Bf8 $2 ({But not} 42... Rxc4 43. Rxc4 Qxc4 44. Qxc4) (42... Kg7 $19 43. Nd2 Bxd2 44. Qxd2 Rxc4 45. Qxb4 Rcxb4) 43. Nd2 $1 Bh6 44. Nf1 $2 Bg5 ({Better is} 44... Qb1 $19 45. Qe2 Rb8) 45. Rc3 (45. Qf3 $11 {keeps the balance.}) 45... Rxc4 46. Rcxa3 Rxa3 47. Qxa3 Qxa3 48. Rxa3 Rxe4 49. Ra7 Rd4 50. Rxf7 Rxd5 51. g3 Rd1 52. Kg2 d5 53. h4 Bh6 54. Nh2 Kg8 55. Rd7 Bg7 56. Nf3 h6 57. g4 (57. h5 $11) 57... e4 58. Ng1 (58. Rd8+ $142 Kf7 59. Rd7+ Kf8 60. Nh2) 58... d4 59. Ne2 d3 (59... Be5 $17 60. Rd5 d3) 60. Nf4 $2 (60. Ng3 $11) 60... g5 $2 (60... d2 $19 61. Nxg6 Bf6) 61. hxg5 hxg5 62. Ne6 Bf6 63. Nc5 Re1 64. f3 Re2+ (64... e3 $5 65. Ne4 $8 Be5 66. Rxd3 Bf4 $15) 65. Kf1 exf3 66. Rxd3 Rg2 67. Ne4 Be7 68. Rxf3 Rxg4 69. Nf2 Rf4 70. Rxf4 gxf4 71. Nd3 $11 1/2-1/2

[Event "7th Cattolica Open-B 2020"]
[Site "Cattolica"]
[Date "2020.09.02"]
[Round "3.9"]
[White "Gasperi, Fosco"]
[Black "Iasman, Inna"]
[Result "1/2-1/2"]
[ECO "D90"]
[WhiteElo "1878"]
[BlackElo "1659"]
[Annotator "NA RC"]
[PlyCount "107"]
[EventDate "2020.08.31"]
[EventType "swiss"]
[EventCountry "ITA"]
[SourceTitle "playchess.com"]
[Source "ChessBase"]
[SourceQuality "1"]
[TimeControl "5400+30"]

1. d4 d5 2. c4 c6 3. cxd5 cxd5 4. Nc3 Nf6 5. Bf4 Nc6 6. e3 a6 7. Bd3 g6 8. h3 Bg7 9. Nf3 O-O 10. O-O Na5 {[%emt 0:00:00] [#] Recently 10...Bf5 got a lot of attention. D90: Grünfeld: 4 Nf3 Bg7 sidelines.} 11. Rc1 $146 ({Predecessor:} 11. Re1 Ne8 12. Ne5 f6 13. Nxg6 hxg6 14. Bxg6 f5 15. Qh5 Nf6 16. Qh4 Nc4 17. Ne2 Be6 18. Ng3 {½-½ (26) Veresov,G-Flohr,S Moscow 1944}) 11... Nc4 12. Qe2 b5 13. b3 Nd6 14. Ne5 Bf5 15. Bxf5 Nxf5 16. Nd3 Qb6 17. g4 Nd6 18. g5 Nfe4 19. Nxd5 Qb7 20. Nc3 Rac8 21. Nxe4 Nxe4 22. f3 (22. Qf3 $16) 22... Nd6 23. Nc5 Qd5 24. Rfd1 Qf5 25. Qh2 ({Don't take} 25. Nxa6 $6 Rxc1 26. Rxc1 Bxd4 $14) 25... Rc6 26. d5 Rc7 27. e4 Qc8 28. Nd3 ({Don't play} 28. Bxd6 exd6 29. Nd3 (29. Qxd6 Re8 $16) 29... h6 $14) 28... Bd4+ 29. Kf1 Rc3 30. Rxc3 ({Less strong is} 30. Bxd6 exd6 31. Rxc3 Qxc3 $16) 30... Qxc3 31. Qe2 Qc8 32. Kg2 f6 33. Nb4 Bb6 34. Rc1 Qd7 35. Rc6 Nc8 36. Nxa6 e5 37. Be3 Bxe3 38. Qxe3 f5 39. Nc5 Qa7 40. Qe2 $2 (40. Ra6 Qb8 41. Nd7) 40... Ne7 41. Ne6 Nxc6 42. dxc6 Rc8 (42... Re8 {is a better defense.}) 43. c7 f4 $2 (43... Qa6) 44. Qd2 Re8 {[%emt 0:01:39] [#]} 45. a4 $1 {[%emt 0:02:20] Promotion} Qb6 {[%emt 0:02:09] [#]} 46. Qd5 $1 Qe3 47. Nd8+ (47. Nxf4+ $142 Kf8 48. Qd6+ Kg8 {[#]} 49. Qe6+ $1 {[%mdl 576] Deflection, Decoy, Promotion} Rxe6 50. c8=Q+ {[%mdl 64] Double Attack} Kf7 51. Qxe6+ {[%mdl 64] Double Attack} Kf8 52. Qc8+ Ke7 53. Nd5+ {[%mdl 64] Double Attack} Kf7 54. Qd7+ {[%mdl 64] Double Attack} Kg8 55. Nf6+ Kf8 56. Qe8+ {[%mdl 64] Double Attack} Kg7 57. Qg8#) 47... Kh8 {[%emt 0:00:49] [#]} 48. Qd1 $1 ({Stronger than} 48. c8=Q Qe2+ 49. Kh1 Qe1+ 50. Kh2 Qg3+ 51. Kh1 Qe1+ 52. Kh2 Qg3+ 53. Kh1 Qe1+ $11) 48... Qc5 49. Nf7+ Kg7 50. Qd7 $2 (50. Nd6 $18 Rf8 51. Nxb5) 50... Qc2+ {[%emt 0:00:28] Double Attack} 51. Kf1 Qc1+ 52. Kg2 Qc2+ 53. Kf1 Qc1+ 54. Kg2 $11 1/2-1/2

[Event "7th Cattolica Open-B 2020"]
[Site "Cattolica"]
[Date "2020.09.02"]
[Round "3.10"]
[White "Mammi, Samuele"]
[Black "Antoniacci, Riccardo"]
[Result "1-0"]
[ECO "A36"]
[WhiteElo "1847"]
[BlackElo "1649"]
[Annotator "NA RC"]
[PlyCount "77"]
[EventDate "2020.08.31"]
[EventType "swiss"]
[EventCountry "ITA"]
[SourceTitle "playchess.com"]
[Source "ChessBase"]
[SourceQuality "1"]
[TimeControl "5400+30"]

1. e4 c5 2. c4 Nc6 3. Nc3 g6 4. g3 Bg7 5. Bg2 Nf6 6. Nge2 d6 7. O-O {[%emt 0:00:22] 7.d3 is the modern continuation.} e5 {[%emt 0:03:38] A36: Symmetrical English vs ...g6: 4 Bg2 Bg7.} 8. d3 Be6 9. h3 Qd7 10. Kh2 h6 {[%emt 0:01:14] [#]} 11. f4 $146 ({Predecessor:} 11. a3 g5 12. Rb1 a6 13. b4 Nd4 14. bxc5 dxc5 15. Nxd4 cxd4 16. Na4 Qc7 17. Nb6 {1-0 (48) Zhang,H (1848)-Li,S Qinhuangdao 2018}) 11... O-O-O 12. Be3 Nh7 13. Rb1 f6 (13... Kb8 $14) 14. a3 f5 (14... Nd4 $16 15. Nd5 f5) 15. Nd5 g5 (15... h5 {keeps fighting.} 16. b4 fxe4) 16. b4 gxf4 {[%emt 0:02:14] [#]} (16... exf4 $142 17. gxf4 fxe4) 17. gxf4 (17. exf5 $1 $18 Bxf5 18. gxf4) 17... cxb4 $2 (17... fxe4 $16 {is a better chance.} 18. f5 (18. dxe4 exf4 19. Nexf4 Be5 $16) (18. Bxe4 Bxh3 19. Rg1 exf4 $14) (18. bxc5 exd3 19. Ng3 exf4 $16) 18... Bxd5) 18. axb4 (18. Qa4 $142) 18... fxe4 19. dxe4 exf4 $2 (19... Rdg8 20. b5 Nd4 21. Nxd4 exd4) 20. Nexf4 Be5 21. b5 Bxf4+ 22. Rxf4 Ne5 23. Qa4 Bxd5 24. cxd5 a6 25. Rc1+ Kb8 26. Qd4 b6 {[%emt 0:00:00] [#]} 27. bxa6 (27. Rc6 $142 $1 Nxc6 28. Qxb6+ {[%mdl 64] Double Attack} Qb7 29. dxc6 Qxb6 30. Bxb6) 27... Ng5 28. Qxb6+ Ka8 29. Rc7 Qxc7 30. Qxc7 Rd7 31. Qc3 Rg8 32. Rf2 Rdg7 {[%emt 0:00:00] [#]} 33. Bxg5 (33. Bd4 $142 $1 Nxh3 34. Bxe5 dxe5 35. Qc6+ {[%mdl 64] Double Attack} Ka7 36. Qc5+ Ka8 37. Bxh3 Rd8 38. d6) 33... hxg5 34. Rf6 g4 35. Rxd6 g3+ 36. Kg1 Rb8 37. Qxe5 Rb1+ 38. Bf1 g2 39. Rd8+ 1-0

[Event "7th Cattolica Open-B 2020"]
[Site "Cattolica"]
[Date "2020.09.03"]
[Round "4.1"]
[White "Saviane, Giorgio"]
[Black "Beliman, Alexandro"]
[Result "1/2-1/2"]
[ECO "C56"]
[WhiteElo "1643"]
[BlackElo "1732"]
[Annotator "NA RC"]
[PlyCount "78"]
[EventDate "2020.08.31"]
[EventType "swiss"]
[EventCountry "ITA"]
[SourceTitle "playchess.com"]
[Source "ChessBase"]
[SourceQuality "1"]
[TimeControl "5400+30"]

1. e4 e5 2. Nf3 Nc6 3. d4 exd4 4. Bc4 Nf6 5. O-O Nxe4 6. Re1 d5 7. Bxd5 Qxd5 8. Nc3 Qa5 9. Nxe4 Be6 10. Neg5 O-O-O 11. Nxe6 fxe6 12. Rxe6 Bd6 13. Bg5 Rde8 14. Qe2 Kd7 15. Rxe8 Rxe8 16. Qd3 g6 17. Bd2 Qc5 18. Ng5 Re7 19. Ne4 Qe5 20. Qh3+ Qf5 21. Qxf5+ gxf5 22. Nxd6 Kxd6 23. Kf1 Kd5 24. Re1 Rxe1+ 25. Kxe1 Nd8 26. Ke2 c5 27. h3 Ke4 28. f3+ Ke5 29. g4 Ne6 30. Kd3 b5 31. Ke2 f4 32. h4 h6 33. Ba5 Kd5 34. Bd2 Ke5 35. Ba5 Kf6 36. Kd3 Ke5 37. Ke2 Kd5 38. Bd2 Kc4 39. Be1 Kd5 1/2-1/2

[Event "7th Cattolica Open-B 2020"]
[Site "Cattolica"]
[Date "2020.09.03"]
[Round "4.2"]
[White "Rimondini, Riccardo"]
[Black "Pizzoferrato, Mattia"]
[Result "1/2-1/2"]
[ECO "B28"]
[WhiteElo "1381"]
[BlackElo "1854"]
[Annotator "NA RC"]
[PlyCount "72"]
[EventDate "2020.08.31"]
[EventType "swiss"]
[EventCountry "ITA"]
[SourceTitle "playchess.com"]
[Source "ChessBase"]
[SourceQuality "1"]
[TimeControl "5400+30"]

1. e4 c5 2. Nf3 a6 3. c3 d6 4. d4 cxd4 5. cxd4 g6 6. Bc4 {[%emt 0:00:23] B28: Sicilian: 2 Nf3 a6 (O'Kelly Variation).} Bg7 7. Nc3 Nf6 8. O-O O-O 9. Be3 b5 10. Bb3 Bb7 11. Bc2 {[%emt 0:01:07] [#]} ({Better is} 11. e5 $14 dxe5 12. dxe5) 11... b4 $146 ({Predecessor:} 11... Nc6 12. Qd2 Na5 13. b3 Rc8 14. Rac1 Ng4 15. Bd3 Nc6 16. h3 Nxe3 17. Qxe3 Qb6 {0-1 (33) Stagno,M (1486)-Manar,K (1793) chess.com INT 2020}) 12. e5 dxe5 13. dxe5 Ng4 14. Na4 Nd7 ({Much worse is} 14... Nxe5 $6 15. Nxe5 Bxe5 16. Qxd8 $14) 15. Qd2 (15. Bf4 $15) 15... Bxf3 ({Resist} 15... Ngxe5 16. Nxe5 Nxe5 17. Qxb4 $15) 16. gxf3 Ngxe5 17. Be4 Rb8 18. Rfd1 (18. Rad1 $17 {is a better defense.}) 18... Qa5 19. f4 Qxa4 20. fxe5 Nxe5 21. b3 Qa5 22. Rac1 Rfd8 23. Qe2 Rxd1+ 24. Rxd1 h5 25. h3 f5 (25... Rd8 $15 26. f4 Rxd1+ 27. Qxd1 f5 28. Qd5+ Qxd5 29. Bxd5+ Nf7) 26. Bd5+ Nf7 $2 (26... Kh7 $11 {and Black is okay.}) 27. Qc4 Rf8 28. Bc5 $2 (28. Bxf7+ $18 Rxf7 29. Rd5 Qxd5 30. Qxd5) 28... Bf6 29. Bxb4 Qb5 30. Re1 Qxc4 31. Bxc4 Rb8 ({Black should try} 31... Kh7 $14) 32. Bxe7 Re8 33. Bb4 Rb8 34. Be7 Re8 35. Bb4 Rb8 $1 36. Be7 $2 (36. Re6 $16) 36... Re8 $11 1/2-1/2

[Event "7th Cattolica Open-B 2020"]
[Site "Cattolica"]
[Date "2020.09.03"]
[Round "4.5"]
[White "D`Agostino, Maurizio"]
[Black "Di Maulo, Alessandra"]
[Result "1/2-1/2"]
[ECO "A30"]
[WhiteElo "1893"]
[BlackElo "1751"]
[Annotator "NA RC"]
[PlyCount "51"]
[EventDate "2020.08.31"]
[EventType "swiss"]
[EventCountry "ITA"]
[SourceTitle "playchess.com"]
[Source "ChessBase"]
[SourceQuality "1"]
[TimeControl "5400+30"]

1. Nf3 d5 2. c4 e6 3. e3 Nf6 4. Nc3 Be7 5. b3 O-O 6. Bb2 b6 7. Qc2 Bb7 8. Be2 c5 9. O-O Nc6 10. cxd5 Nxd5 11. Nxd5 Qxd5 {[%emt 0:01:35] [#]} 12. d4 $146 {[%emt 0:02:47] A30: Symmetrical English: Double Fianchetto and Hedgehog.} ({Predecessor:} 12. Bc3 Rfd8 13. Qb2 Bf8 14. Rfd1 Rac8 15. Bf1 Qh5 16. h3 Qg6 17. Nh4 Qh5 18. Nf3 Qg6 19. Nh4 Qh5 {½-½ (19) Ballmann,M (2361)-Willems,N (2348) Switzerland 2019}) 12... cxd4 13. Bc4 Qh5 14. Nxd4 Bd6 15. f4 Nb4 16. Qf2 Nd5 17. Qg3 Nf6 18. Nb5 Be7 19. f5 exf5 20. Nd4 $17 (20. Rad1 $11 {keeps the balance.} Qg6 21. Nd6) 20... Ne4 21. Qxg7+ Kxg7 22. Nxf5+ Kg6 23. Nxe7+ Kh6 24. Nf5+ Kg6 25. Ne7+ Kh6 26. Nf5+ 1/2-1/2

[Event "7th Cattolica Open-B 2020"]
[Site "Cattolica"]
[Date "2020.09.03"]
[Round "4.7"]
[White "Tacconi, Antonio"]
[Black "Mammi, Samuele"]
[Result "0-1"]
[ECO "A27"]
[WhiteElo "1752"]
[BlackElo "1847"]
[Annotator "NA RC"]
[PlyCount "68"]
[EventDate "2020.08.31"]
[EventType "swiss"]
[EventCountry "ITA"]
[SourceTitle "playchess.com"]
[Source "ChessBase"]
[SourceQuality "1"]
[TimeControl "5400+30"]

1. c4 e5 2. Nc3 Nc6 3. Nf3 f5 4. d4 e4 5. Ng5 Be7 6. Nh3 Nf6 7. Bg5 {[%emt 0:01:26] A27: English Opening: Three Knights Variation.} O-O 8. e3 Ng4 9. Bxe7 Nxe7 10. Be2 Nf6 11. O-O {[%emt 0:02:13] [#]} Kh8 $146 ({Predecessor:} 11... d6 12. b4 h6 13. d5 g5 14. Qd4 Ng6 15. Kh1 Qe7 16. c5 f4 17. Ng1 Nh4 18. cxd6 cxd6 {0-1 (31) Solonar,S (2319)-Eberhardt,O (2218) Hessen 1999}) 12. Nf4 g5 13. Nh5 d6 14. Nxf6 Rxf6 15. f3 exf3 16. Bxf3 Ng6 17. e4 f4 18. Bg4 c6 19. Bxc8 Rxc8 20. Qh5 Rf8 21. Rad1 Qf6 22. e5 dxe5 23. dxe5 {[%emt 0:01:05] [#]} (23. Ne4 $11 Qg7 24. Nxg5 (24. Qxg5 exd4 25. Nd6 Rc7 $15)) 23... Qf5 $1 ({Reject} 23... Nxe5 $6 24. Ne4 $11) 24. g4 Qxe5 {[%emt 0:00:00] [#]} 25. Rfe1 (25. Rd7 $1 $17 Ne7 26. Kh1) 25... Qc5+ 26. Kh1 Rcd8 27. Rxd8 Rxd8 28. Ne4 Qb4 29. Rb1 Qxc4 30. Nf6 $2 (30. Nxg5 Rd7 31. Re1) 30... Qf7 31. Qxg5 Rf8 (31... Qe6 $142 32. Qa5 Qxf6) 32. Nh5 $2 (32. Ne4 {was the only defense.} Qxa2 33. Nd2) 32... f3 (32... Qe8 $142 33. Rf1 {[#]} Qe2 $1 {[%mdl 576] Double Attack}) 33. Qa5 $2 (33. Rf1) 33... f2 34. Rf1 Qf3# 0-1

[Event "7th Cattolica Open-B 2020"]
[Site "Cattolica"]
[Date "2020.09.03"]
[Round "4.8"]
[White "Marani, Luca"]
[Black "Modena, Giorgio"]
[Result "1-0"]
[ECO "C13"]
[WhiteElo "1736"]
[BlackElo "1869"]
[Annotator "NA RC"]
[PlyCount "80"]
[EventDate "2020.08.31"]
[EventType "swiss"]
[EventCountry "ITA"]
[SourceTitle "playchess.com"]
[Source "ChessBase"]
[SourceQuality "1"]
[TimeControl "5400+30"]

1. e4 e6 2. d4 d5 3. Nc3 Nf6 4. Bg5 dxe4 5. Nxe4 Nbd7 6. Nf3 Be7 7. Bd3 Nxe4 {[%emt 0:01:56] C13: French: Classical System: 4 Bg5 Be7, Alekhine-Chatard Attack.} 8. Bxe7 Qxe7 9. Bxe4 Qb4+ {[%emt 0:00:00] [#]} 10. Ke2 $146 ({Predecessor:} 10. Qd2 Qxd2+ 11. Nxd2 Nf6 12. Bf3 Bd7 13. O-O-O c6 14. Nc4 Ke7 15. Rhe1 a5 16. a4 {1-0 (41) Svrtan,Z (2042)-Zigovecki,V (1854) Krapina 2019}) 10... Qxb2 11. Re1 Nf6 12. Bd3 O-O 13. Kf1 b6 14. Qd2 Qa3 15. Qf4 Ba6 16. Bxa6 Qxa6+ 17. Kg1 Rac8 18. Re5 (18. Ne5 $17) 18... h6 19. g4 c5 20. g5 Nd7 (20... Nd5 $17 21. Rxd5 exd5 22. gxh6 Rc6 23. hxg7 Rg6+ {[%mdl 64] Double Attack} 24. Kh1 Kxg7) 21. gxh6 Nxe5 22. dxe5 f5 23. Ng5 b5 24. hxg7 Kxg7 25. Kh1 Qc6+ 26. f3 $1 Rh8 $2 (26... Rg8 $1 $11) 27. Rg1 Kf8 28. Rd1 Re8 29. Rd6 Qc8 {[%emt 0:00:00] [#]} 30. Qd2 $2 ({White must play} 30. Rxe6 $1 $18 Qxe6 (30... Rxe6 31. Qxf5+) 31. Nxe6+ Rxe6 32. Qxf5+ Ke7 33. f4) 30... Kg7 $2 (30... Rh6 $11) 31. Rd7+ {[%emt 0:02:08] Double Attack} Kg6 {[%emt 0:00:00] [#]} 32. Ne4 $2 ({Not} 32. Nf7 Rh5 $14) (32. Nh3 $1 $18 Qxd7 (32... Rxh3 33. Qg2+) 33. Qxd7) 32... Qxd7 $1 ({Inferior is} 32... fxe4 33. Qg2+ Kh5 34. Rg7 Qd8 35. Qg6+ {[%mdl 64] Double Attack} Kh4 36. Qg4#) 33. Qxd7 fxe4 34. f4 Kf5 35. Qf7+ Kg4 {[%emt 0:00:00] [#]} 36. Kg2 $1 Reg8 37. h3+ Kh4+ 38. Kh2 e3 39. Qxe6 e2 40. Qf6+ Kh5 $18 1-0

[Event "7th Cattolica Open-B 2020"]
[Site "Cattolica"]
[Date "2020.09.03"]
[Round "4.9"]
[White "Giovannini, Roberto"]
[Black "Bosio, Andrea"]
[Result "1-0"]
[ECO "A46"]
[WhiteElo "1893"]
[BlackElo "1659"]
[Annotator "NA RC"]
[PlyCount "117"]
[EventDate "2020.08.31"]
[EventType "swiss"]
[EventCountry "ITA"]
[SourceTitle "playchess.com"]
[Source "ChessBase"]
[SourceQuality "1"]
[TimeControl "5400+30"]

1. d4 Nf6 2. Nf3 e6 3. c3 c5 4. e3 b6 5. Nbd2 Bb7 6. Be2 {[%emt 0:00:39] A46: 1 d4 Nf6 2 Nf3 e6: Torre, London and Colle Systems.} Be7 7. a4 O-O 8. O-O {[%emt 0:00:30] [#]} d6 $146 ({Predecessor:} 8... cxd4 9. exd4 d6 10. Nc4 Nbd7 11. Bf4 Ne8 12. h3 f6 13. Re1 e5 14. dxe5 dxe5 {0-1 (64) Butala,S (2035)-Rogos,J (2103) Slovakia 2008}) 9. Re1 Nbd7 10. Bf1 cxd4 11. exd4 Rc8 12. Nc4 Ne4 13. Nfd2 f5 14. f3 Nxd2 15. Bxd2 Nf6 16. Qe2 Rf7 17. Na3 e5 18. dxe5 dxe5 19. Rad1 e4 20. Bf4 (20. Nb5 $11 {remains equal.}) 20... Qe8 (20... Nd5 $17 21. Nc2 Bc5+ 22. Kh1 Qf6) 21. Nb5 (21. Bd6 $1 $11 {remains equal.}) 21... a6 (21... exf3 $17 22. gxf3 Bc5+ 23. Nd4 Re7 24. Qc4+ Nd5 25. Rxe7 Bxe7) 22. Nd6 Bxd6 $1 23. Rxd6 Rc6 ({Black should try} 23... Qxa4 $14 24. fxe4 fxe4) 24. Qd1 Rxd6 25. Qxd6 Qc6 26. Qxc6 Bxc6 27. fxe4 fxe4 28. Bc4 Bd5 29. Bxa6 Nd7 30. Be3 Rf5 (30... Ne5 {was worth a try.} 31. Bxb6 Nc4) 31. Bc8 Bc6 32. Bxb6 Re5 33. Bd4 Re8 34. Ba6 Bxa4 35. Bc4+ Kh8 36. Bd5 Bc2 37. Kf2 Nf6 38. Bxf6 gxf6 39. g4 Re5 (39... Rd8 $142) 40. c4 Kg7 41. Ke3 Kg6 42. Kf4 h5 43. Bxe4+ Kg7 44. gxh5 ({Worse is} 44. Bxc2 Rxe1 45. gxh5 Re2 $11) 44... Kh6 45. Re3 ({Not} 45. Bxc2 Rxe1 46. Bd3 Rd1 $18) 45... Bd1 46. Bf3 Bxf3 47. Kxf3 (47. Rxe5 $142 Bg2 48. Re6) 47... Rxh5 48. Re2 Rh4 49. Rc2 Kg5 50. c5 Kf5 51. c6 Rh3+ 52. Kg2 Rh8 53. b4 Ke6 54. b5 Rb8 55. c7 Rc8 56. b6 Kd7 57. Kf3 Kd6 58. b7 Rxc7 59. b8=Q 1-0

[Event "7th Cattolica Open-B 2020"]
[Site "Cattolica"]
[Date "2020.09.03"]
[Round "4.10"]
[White "Danese, Aldo"]
[Black "Gasperi, Fosco"]
[Result "1-0"]
[ECO "D10"]
[WhiteElo "1634"]
[BlackElo "1878"]
[Annotator "NA RC"]
[PlyCount "75"]
[EventDate "2020.08.31"]
[EventType "swiss"]
[EventCountry "ITA"]
[SourceTitle "playchess.com"]
[Source "ChessBase"]
[SourceQuality "1"]
[TimeControl "5400+30"]

1. c4 c6 2. Nc3 d5 3. cxd5 cxd5 4. d4 Nf6 5. e3 Nc6 6. a3 {[%emt 0:00:09] D10: Slav Defence: 3 cxd5 (without early Nf3) and 3 Nc3.} Bf5 7. Nf3 e6 8. Be2 Bd6 9. Nh4 {[%emt 0:01:09] [#]} Be4 $146 ({Predecessor:} 9... Bg6 10. Nxg6 hxg6 11. h3 Rc8 12. Bf3 a6 13. Bd2 b5 14. b4 Qc7 15. Rc1 Nd7 {½-½ (42) Deac,B-Benedek,I Voineasa 2010}) 10. Nxe4 Nxe4 11. g3 Qa5+ 12. Kf1 Qd8 13. Kg2 O-O (13... h5 $5) 14. Nf3 Qf6 15. Rf1 g5 16. Nd2 Nxd2 17. Bxd2 Rac8 (17... Qg6 $11) 18. Bc3 (18. Rh1 $16) 18... Ne7 (18... Qe7 $11 {keeps the balance.}) 19. Rc1 Rc7 20. Qa4 a6 {[%emt 0:00:00] [#]} (20... Nc6 $142) 21. Ba5 (21. Bb4 $1 $18 Rxc1 22. Rxc1) 21... Rc6 22. Rxc6 Nxc6 23. Bd2 Qg7 24. b4 f5 25. Rg1 e5 (25... Qf6 $11 {remains equal.}) 26. b5 axb5 27. Qxb5 Qf7 {[%emt 0:00:00] [#]} 28. Bf3 (28. dxe5 $1 $18 Bxe5 29. Rb1) 28... e4 {[%emt 0:00:00] [#]} 29. Bd1 ({White should play} 29. Bh5 $1 $16 Qxh5 30. Qxd5+ Rf7 31. Qxd6) 29... Rd8 30. Bb3 (30. a4 $16) 30... Bf8 (30... Bxa3 $11 {keeps the balance.} 31. Ra1 Bf8) 31. a4 Kh8 32. a5 ({Better is} 32. Rc1 $16) 32... Rd6 (32... f4 $1 $11 {remains equal.}) 33. Rc1 Qh5 {[%emt 0:00:00] [#]} (33... Na7 $16 {was called for.} 34. Qc5 Nc6) 34. Bd1 $1 ({Worse is} 34. Bxd5 Rh6 $11) 34... g4 35. h4 ({Don't blunder} 35. Qxb7 $2 Qh3+ 36. Kg1 Rh6 $19) 35... gxh3+ 36. Kh2 Qh6 $2 (36... Qf7 37. Rb1 f4 38. exf4 Qg6) 37. Qxb7 Nxd4 {[%emt 0:00:00] [#]} 38. Bc3 {[%emt 0:00:00] Pin} 1-0